[Event "FIDE Chesscom Grand Swiss 2019"]
[Site "Douglas-Isle of Man"]
[Date "2019.10.15"]
[Round "7.8"]
[White "Erdos, Viktor"]
[Black "Nabaty, Tamir"]
[Result "1/2-1/2"]
[ECO "D21"]
[WhiteElo "2604"]
[BlackElo "2658"]
[Annotator "RC"]
[PlyCount "83"]
[EventDate "2019.10.10"]
[EventType "swiss"]
[EventCountry "GBR"]
[SourceTitle "playchess.com"]
[Source "ChessBase"]
[SourceQuality "1"]
[TimeControl "40/6000+30:20/3000+30:900+30"]

1. d4 d5 2. c4 dxc4 3. Nf3 e6 4. e3 b5 5. a4 b4 6. Nbd2 Nf6 7. Nxc4 Bb7 8. Bd3 c5 9. O-O Be7 10. dxc5 Bxc5 11. Qe2 Nc6 12. b3 Qc7 13. Bb2 O-O 14. Ng5 e5 15. Rac1 Rad8 16. Qc2 h6 17. Nh7 Nxh7 18. Bxh7+ Kh8 19. Be4 Rfe8 20. Rfd1 Rc8 21. Bf5 Rcd8 22. Be4 Rc8 23. h3 Qe7 24. Bf5 Rc7 25. Qe2 g6 26. Be4 Kh7 27. Bd5 f6 28. Nd2 Rd8 29. Ne4 Bb6 30. Qb5 f5 31. Nc5 Nd4 32. exd4 Rxd5 33. a5 Bxc5 34. dxc5 Bc6 35. Qe2 Rcd7 36. Rxd5 Rxd5 37. f3 Rxc5 38. Qe3 Rxc1+ 39. Qxc1 Bd5 40. Qe3 g5 41. Qxe5 Qxe5 42. Bxe5 1/2-1/2

[Event "FIDE Chesscom Grand Swiss 2019"]
[Site "Douglas-Isle of Man"]
[Date "2019.10.15"]
[Round "7.10"]
[White "Lu, Shanglei"]
[Black "Oparin, Grigoriy"]
[Result "1/2-1/2"]
[ECO "C55"]
[WhiteElo "2602"]
[BlackElo "2654"]
[Annotator "RC"]
[PlyCount "106"]
[EventDate "2019.10.10"]
[EventType "swiss"]
[EventCountry "GBR"]
[SourceTitle "playchess.com"]
[Source "ChessBase"]
[SourceQuality "1"]
[TimeControl "40/6000+30:20/3000+30:900+30"]

1. e4 e5 2. Nf3 Nc6 3. Bc4 Nf6 4. d3 h6 5. O-O d6 6. a4 g6 7. a5 Bg7 8. Nc3 O-O 9. h3 Rb8 10. Be3 b6 11. axb6 axb6 12. d4 exd4 13. Nxd4 Bb7 14. Nxc6 Bxc6 15. Bd5 Bxd5 16. exd5 b5 17. Qd3 b4 18. Nb5 Nd7 19. Nd4 Qh4 20. Ra7 Nc5 21. Qd2 Rbc8 22. Qxb4 Rb8 23. Qc3 Qe4 24. b4 Qxd5 25. Ra5 Ne4 26. Qxc7 Rb7 27. Qc6 Qxc6 28. Nxc6 Nc3 29. Ra7 Rxa7 30. Bxa7 Re8 31. Be3 Re4 32. Bd2 Nb5 33. Rc1 d5 34. Re1 Rc4 35. Ne7+ Kh7 36. Nxd5 Rxc2 37. Be3 Rb2 38. Bc5 Nc3 39. Nxc3 Bxc3 40. Re4 g5 41. g3 h5 42. Kg2 Kg6 43. Kf3 f5 44. Re6+ Kf7 45. Rb6 Rb3 46. Rb7+ Kg6 47. Ke2 h4 48. gxh4 gxh4 49. f4 Bf6 50. Be3 Rb2+ 51. Kd3 Rb3+ 52. Ke2 Rb2+ 53. Kd3 Rb3+ 1/2-1/2

[Event "FIDE Chesscom Grand Swiss 2019"]
[Site "Douglas-Isle of Man"]
[Date "2019.10.15"]
[Round "7.12"]
[White "Keymer, Vincent"]
[Black "Motylev, Alexander"]
[Result "1/2-1/2"]
[ECO "A11"]
[WhiteElo "2506"]
[BlackElo "2651"]
[Annotator "RC"]
[PlyCount "141"]
[EventDate "2019.10.10"]
[EventType "swiss"]
[EventCountry "GBR"]
[SourceTitle "playchess.com"]
[Source "ChessBase"]
[SourceQuality "1"]
[TimeControl "40/6000+30:20/3000+30:900+30"]

1. Nf3 d5 2. e3 Nf6 3. c4 e6 4. Nc3 c6 5. b3 Bd6 6. Bb2 O-O 7. h3 b6 8. d4 Nbd7 9. Bd3 Bb7 10. O-O c5 11. cxd5 exd5 12. Rc1 Rc8 13. Qe2 Re8 14. Ba6 Qc7 15. Rfd1 Bf8 16. a4 Qb8 17. Bxb7 Qxb7 18. dxc5 bxc5 19. Qb5 Qxb5 20. axb5 Nb6 21. Na4 Nfd7 22. Ra1 Re4 23. Nxb6 Nxb6 24. Rxa7 Rb4 25. Rb7 Rxb5 26. Be5 Rxb3 27. Bc7 c4 28. Bxb6 Rc6 29. Rxd5 Rbxb6 30. Rxb6 Rxb6 31. Rd8 f6 32. Rc8 Rb1+ 33. Kh2 Kf7 34. Rc7+ Kg8 35. g3 Rc1 36. Kg2 Bd6 37. Rc8+ Kf7 38. Nd2 c3 39. Nb3 Rc2 40. Nd4 Rc1 41. Ne2 Rc2 42. Kf1 Bb4 43. Rc7+ Kg8 44. Rc4 Rb2 45. Nxc3 Bxc3 46. Rxc3 Rb5 47. Rc8+ Kf7 48. Rc7+ Kg6 49. Kg2 h5 50. Rd7 Rb2 51. Kf3 Ra2 52. h4 Rb2 53. Rd3 Ra2 54. e4 Rb2 55. Ke3 Ra2 56. f4 Ra4 57. Kf3 Rb4 58. Ke3 Ra4 59. f5+ Kh7 60. Rd7 Kh6 61. Rd6 Kh7 62. Rd4 Ra3+ 63. Kf4 Ra1 64. Rd7 Kh6 65. Re7 Ra4 66. Re6 Kh7 67. Rb6 Ra1 68. Rb3 Ra4 69. Kf3 Kh6 70. Re3 Ra5 71. Rc3 1/2-1/2

[Event "FIDE Chesscom Grand Swiss 2019"]
[Site "Douglas-Isle of Man"]
[Date "2019.10.15"]
[Round "7.13"]
[White "Riazantsev, Alexander"]
[Black "Bjerre, Jonas Buhl"]
[Result "1/2-1/2"]
[ECO "D24"]
[WhiteElo "2645"]
[BlackElo "2506"]
[Annotator "RC"]
[PlyCount "111"]
[EventDate "2019.10.10"]
[EventType "swiss"]
[EventCountry "GBR"]
[SourceTitle "playchess.com"]
[Source "ChessBase"]
[SourceQuality "1"]
[TimeControl "40/6000+30:20/3000+30:900+30"]

1. d4 Nf6 2. c4 e6 3. Nf3 d5 4. Nc3 dxc4 5. e4 Bb4 6. Bxc4 Nxe4 7. O-O Nf6 8. Qa4+ Nc6 9. Bg5 Bxc3 10. bxc3 O-O 11. Qc2 h6 12. Bh4 Ne7 13. Bxf6 gxf6 14. Rae1 Kg7 15. Re3 Ng6 16. Bd3 b6 17. Nh4 f5 18. Nxg6 fxg6 19. Bc4 Re8 20. Rfe1 Qd6 21. Re5 Bd7 22. h4 Rac8 23. Qe2 c5 24. Ba6 Rcd8 25. dxc5 bxc5 26. Bc4 Bc6 27. Qe3 Be4 28. Qf4 Qd2 29. Qxd2 Rxd2 30. Rxc5 Kf6 31. f3 Bd3 32. Bb3 Bc2 33. Bc4 Bd3 34. Bd5 Bc2 35. c4 Rd1 36. Rxd1 Bxd1 37. Bb7 Re7 38. Bc8 Ba4 39. Kf2 e5 40. Ra5 Be8 41. Ra6+ Kg7 42. Be6 Bf7 43. Bxf7 Kxf7 44. h5 gxh5 45. Rxh6 Rd7 46. Rxh5 Rd2+ 47. Ke3 Rxg2 48. Rxf5+ Ke6 49. Rh5 Rxa2 50. Rh6+ Kf5 51. Rh5+ Ke6 52. Ke4 Re2+ 53. Kd3 Rf2 54. Rh6+ Kf5 55. Ke3 Ra2 56. Rh5+ 1/2-1/2

[Event "FIDE Chesscom Grand Swiss 2019"]
[Site "Douglas-Isle of Man"]
[Date "2019.10.15"]
[Round "7.14"]
[White "Saduakassova, Dinara"]
[Black "Chigaev, Maksim"]
[Result "1/2-1/2"]
[ECO "A49"]
[WhiteElo "2481"]
[BlackElo "2644"]
[Annotator "RC"]
[PlyCount "153"]
[EventDate "2019.10.10"]
[EventType "swiss"]
[EventCountry "GBR"]
[SourceTitle "playchess.com"]
[Source "ChessBase"]
[SourceQuality "1"]
[TimeControl "40/6000+30:20/3000+30:900+30"]

1. d4 Nf6 2. c4 g6 3. g3 c5 4. dxc5 Na6 5. Bg2 Bg7 6. Nc3 O-O 7. Nf3 Nxc5 8. O-O b6 9. Nd4 Bb7 10. Bxb7 Nxb7 11. Bg5 Rc8 12. b3 Nc5 13. Bxf6 Bxf6 14. Rc1 Bg7 15. Qd2 d6 16. Rfd1 Re8 17. Qe3 a6 18. Nd5 e6 19. Nc3 Qc7 20. Rc2 Red8 21. Rcd2 Nb7 22. Ne4 h6 23. Qf3 Kh8 24. g4 d5 25. cxd5 Rxd5 26. e3 Qe7 27. Kg2 Nc5 28. Ne2 Nxe4 29. Qxe4 Rxd2 30. Rxd2 Kh7 31. Qf3 Rc7 32. Ng3 b5 33. Qd1 a5 34. Rc2 Rd7 35. Rd2 Rxd2 36. Qxd2 a4 37. Qd3 Qb7+ 38. Qe4 Qd7 39. bxa4 bxa4 40. h4 f5 41. Qc4 fxg4 42. h5 Qd5+ 43. Qxd5 exd5 44. f3 gxf3+ 45. Kxf3 Be5 46. hxg6+ Kxg6 47. Nh1 h5 48. Nf2 a3 49. Nd3 Kf5 50. Nc5 Kf6 51. Nd3 Bd6 52. Nf2 Ke6 53. Nd3 Bc7 54. Ne1 Bd6 55. Nd3 h4 56. Kg4 Be7 57. Nf4+ Kd6 58. Ng6 Bd8 59. Nxh4 Kc5 60. Nf5 Kc4 61. Kf3 Kd3 62. Kf2 Bb6 63. Kf3 Bc5 64. Kf2 Kd2 65. Kf3 Kc3 66. Ke2 Kc2 67. Ke1 Kd3 68. Kf2 Ba7 69. Kf3 Kc3 70. Ke2 Kb2 71. Kd3 Bc5 72. Nd4 Bxd4 73. exd4 Kb1 74. Kd2 Kxa2 75. Kc2 Ka1 76. Kc1 a2 77. Kc2 1/2-1/2

[Event "FIDE Chesscom Grand Swiss 2019"]
[Site "Douglas-Isle of Man"]
[Date "2019.10.15"]
[Round "7.15"]
[White "Zvjaginsev, Vadim"]
[Black "Paravyan, David"]
[Result "1/2-1/2"]
[ECO "C44"]
[WhiteElo "2644"]
[BlackElo "2602"]
[Annotator "RC"]
[PlyCount "69"]
[EventDate "2019.10.10"]
[EventType "swiss"]
[EventCountry "GBR"]
[SourceTitle "playchess.com"]
[Source "ChessBase"]
[SourceQuality "1"]
[TimeControl "40/6000+30:20/3000+30:900+30"]

1. e4 e5 2. Nf3 Nc6 3. g3 d5 4. exd5 Qxd5 5. Nc3 Qd6 6. Bg2 Bg4 7. h3 Bh5 8. g4 Bg6 9. d3 O-O-O 10. Be3 Nd4 11. O-O c6 12. Ne4 Qc7 13. c3 Nxf3+ 14. Qxf3 Nf6 15. Rfd1 Nd5 16. d4 Nxe3 17. Qxe3 exd4 18. Rxd4 Rxd4 19. cxd4 Bxe4 20. Qxe4 Bd6 21. b4 Kb8 22. d5 c5 23. Rc1 c4 24. Rxc4 Qd7 25. Qf5 Qxf5 26. gxf5 a6 27. a4 g6 28. fxg6 hxg6 29. b5 axb5 30. axb5 Ka7 31. Rc3 Kb6 32. Bf1 Re8 33. Re3 Rxe3 34. fxe3 Kc5 35. Kf2 1/2-1/2

[Event "FIDE Chesscom Grand Swiss 2019"]
[Site "Douglas-Isle of Man"]
[Date "2019.10.15"]
[Round "7.16"]
[White "Erenberg, Ariel"]
[Black "Nguyen, Ngoc Truong Son"]
[Result "0-1"]
[ECO "D37"]
[WhiteElo "2463"]
[BlackElo "2638"]
[Annotator "RC"]
[PlyCount "88"]
[EventDate "2019.10.10"]
[EventType "swiss"]
[EventCountry "GBR"]
[SourceTitle "playchess.com"]
[Source "ChessBase"]
[SourceQuality "1"]
[TimeControl "40/6000+30:20/3000+30:900+30"]

1. d4 Nf6 2. c4 e6 3. Nf3 d5 4. Nc3 Nbd7 5. Bf4 dxc4 6. e3 b5 7. Nxb5 Bb4+ 8. Nc3 Nd5 9. Rc1 N7b6 10. Bg3 O-O 11. Be2 Bb7 12. O-O Nxc3 13. bxc3 Ba3 14. Ra1 c5 15. Qc2 Qd5 16. Rfe1 Rac8 17. Rab1 cxd4 18. exd4 Qa5 19. Ne5 Bd5 20. Bd1 f6 21. Nf3 Rfe8 22. Nd2 Bc6 23. Nf1 Ba4 24. Qd2 Bxd1 25. Rexd1 Na4 26. Rb7 Re7 27. Rxe7 Bxe7 28. Rc1 Ba3 29. Rc2 Qf5 30. Qe2 h6 31. h4 Kh7 32. Qd1 Bb2 33. Qd2 Bxc3 34. Rxc3 Nxc3 35. Qxc3 Qd3 36. Qxd3+ cxd3 37. Bf4 Rc4 38. Be3 Ra4 39. f3 Rxa2 40. Bd2 a5 41. Kf2 a4 42. Ke3 Ra1 43. Ng3 a3 44. Kxd3 Rd1 0-1

[Event "FIDE Chesscom Grand Swiss 2019"]
[Site "Douglas-Isle of Man"]
[Date "2019.10.15"]
[Round "7.17"]
[White "Moiseenko, Alexander"]
[Black "Baron, Tal"]
[Result "1/2-1/2"]
[ECO "E60"]
[WhiteElo "2635"]
[BlackElo "2531"]
[Annotator "RC"]
[PlyCount "65"]
[EventDate "2019.10.10"]
[EventType "swiss"]
[EventCountry "GBR"]
[SourceTitle "playchess.com"]
[Source "ChessBase"]
[SourceQuality "1"]
[TimeControl "40/6000+30:20/3000+30:900+30"]

1. d4 Nf6 2. c4 g6 3. f3 Nc6 4. d5 Ne5 5. e4 d6 6. Nc3 Bg7 7. f4 Ned7 8. Nh3 O-O 9. Be2 Nc5 10. Nf2 e5 11. fxe5 Ne8 12. Bf4 Qe7 13. Rc1 Bxe5 14. Bxe5 Qxe5 15. b4 Nd7 16. O-O a5 17. a3 axb4 18. axb4 c5 19. dxc6 bxc6 20. Qd2 Rb8 21. Rb1 Qe7 22. Rfd1 Ne5 23. Qd4 Rxb4 24. Rxb4 c5 25. Nd5 Qe6 26. Qb2 cxb4 27. Qxb4 Bd7 28. Qd2 Bc6 29. Ne3 Ba4 30. Ra1 Bc6 31. Rd1 Ba4 32. Ra1 Bc6 33. Rd1 1/2-1/2

[Event "FIDE Chesscom Grand Swiss 2019"]
[Site "Douglas-Isle of Man"]
[Date "2019.10.15"]
[Round "7.20"]
[White "Piorun, Kacper"]
[Black "Gonzalez Vidal, Yuri"]
[Result "0-1"]
[ECO "C72"]
[WhiteElo "2643"]
[BlackElo "2552"]
[Annotator "RC"]
[PlyCount "88"]
[EventDate "2019.10.10"]
[EventType "swiss"]
[EventCountry "GBR"]
[SourceTitle "playchess.com"]
[Source "ChessBase"]
[SourceQuality "1"]
[TimeControl "40/6000+30:20/3000+30:900+30"]

1. e4 e5 2. Nf3 Nc6 3. Bb5 a6 4. Ba4 d6 5. O-O Bd7 6. d4 exd4 7. Bxc6 Bxc6 8. Qxd4 Nf6 9. Re1 Be7 10. Nc3 O-O 11. Bg5 h6 12. Bh4 Nd7 13. Bxe7 Qxe7 14. Rad1 Ne5 15. Nd2 Qh4 16. Rf1 Rae8 17. f4 Ng4 18. Nf3 Qf6 19. Qd2 Qg6 20. f5 Qf6 21. Rfe1 b5 22. b3 Bb7 23. Re2 Re7 24. Qd4 Rfe8 25. a4 bxa4 26. bxa4 Qxd4+ 27. Rxd4 Nf6 28. Kf2 Bxe4 29. Rb4 Bxf5 30. Rxe7 Rxe7 31. Rb8+ Re8 32. Rb7 Ne4+ 33. Nxe4 Rxe4 34. Rxc7 Rxa4 35. Ke3 Be4 36. c4 d5 37. Nd2 Ra3+ 38. Kf4 Bxg2 39. c5 Rd3 40. Nb1 Rb3 41. Nd2 Rd3 42. Nb1 d4 43. c6 Rd1 44. Na3 Rc1 0-1

[Event "FIDE Chesscom Grand Swiss 2019"]
[Site "Douglas-Isle of Man"]
[Date "2019.10.15"]
[Round "7.25"]
[White "Esipenko, Andrey"]
[Black "Ushenina, Anna"]
[Result "1-0"]
[ECO "D41"]
[WhiteElo "2624"]
[BlackElo "2431"]
[Annotator "RC"]
[PlyCount "107"]
[EventDate "2019.10.10"]
[EventType "swiss"]
[EventCountry "GBR"]
[SourceTitle "playchess.com"]
[Source "ChessBase"]
[SourceQuality "1"]
[TimeControl "40/6000+30:20/3000+30:900+30"]

1. c4 e6 2. Nc3 d5 3. d4 Nf6 4. cxd5 Nxd5 5. e4 Nxc3 6. bxc3 c5 7. Nf3 cxd4 8. cxd4 Bb4+ 9. Bd2 Bxd2+ 10. Qxd2 O-O 11. Bc4 Nd7 12. O-O b6 13. Rad1 Bb7 14. Rfe1 Rc8 15. Bb3 Re8 16. h3 b5 17. d5 exd5 18. exd5 Qf6 19. Rxe8+ Rxe8 20. Re1 Qd8 21. Nd4 Rxe1+ 22. Qxe1 Nf6 23. Nxb5 Bxd5 24. Nxa7 Bxg2 25. Kxg2 Qa8+ 26. Kg1 Qxa7 27. a4 Qb7 28. Qe3 Qb4 29. Qf3 Kf8 30. Qa8+ Ke7 31. Qa7+ Nd7 32. Qe3+ Kf8 33. Qf3 Ne5 34. Qd5 Qe1+ 35. Kg2 Ke7 36. a5 f5 37. Qe6+ Kd8 38. Bd5 f4 39. a6 f3+ 40. Bxf3 Nxf3 41. Qd5+ Ke7 42. Qxf3 Qa5 43. Qb7+ Kf6 44. a7 Qg5+ 45. Kf3 Qf5+ 46. Ke3 Qe5+ 47. Qe4 Qc3+ 48. Qd3 Qe5+ 49. Kf3 Qa5 50. Qd6+ Kg5 51. Qf4+ Kh5 52. Qg4+ Kh6 53. Qh4+ Kg6 54. Qe4+ 1-0

[Event "FIDE Chesscom Grand Swiss 2019"]
[Site "Douglas-Isle of Man"]
[Date "2019.10.15"]
[Round "7.26"]
[White "Christiansen, Johan-Sebastian"]
[Black "Huschenbeth, Niclas"]
[Result "1/2-1/2"]
[ECO "E35"]
[WhiteElo "2558"]
[BlackElo "2624"]
[Annotator "RC"]
[PlyCount "146"]
[EventDate "2019.10.10"]
[EventType "swiss"]
[EventCountry "GBR"]
[SourceTitle "playchess.com"]
[Source "ChessBase"]
[SourceQuality "1"]
[TimeControl "40/6000+30:20/3000+30:900+30"]

1. d4 Nf6 2. c4 e6 3. Nc3 Bb4 4. Qc2 d5 5. cxd5 exd5 6. Bg5 h6 7. Bh4 g5 8. Bg3 Nc6 9. e3 Ne4 10. Bd3 Nxg3 11. hxg3 Qf6 12. a3 Bxc3+ 13. Qxc3 Bd7 14. Rc1 Ne7 15. Nf3 c6 16. Ne5 Qd6 17. Be2 Bf5 18. Qb3 Rb8 19. Bd3 Be6 20. Be2 Kf8 21. Qd1 f6 22. Nd3 Kg7 23. Bg4 Bf7 24. Bh5 Bg8 25. Bg4 Bh7 26. Nc5 Bg6 27. Bh5 Bh7 28. Bg4 Bg6 29. Bh5 b6 30. Na6 Rbc8 31. Bxg6 Kxg6 32. Nb4 h5 33. Qd3+ Kg7 34. Qe2 c5 35. dxc5 bxc5 36. Qa6 Qd7 37. Nd3 c4 38. Nb4 Rc5 39. Na2 Ng6 40. O-O h4 41. g4 h3 42. f3 hxg2 43. Kxg2 Nh4+ 44. Kf2 Rb8 45. b4 Rc6 46. Qa5 Qd6 47. Qxa7+ Rc7 48. Qxb8 Qh2+ 49. Ke1 Ng2+ 50. Kd1 Nxe3+ 51. Ke1 Ng2+ 52. Kd1 Ne3+ 53. Ke1 d4 54. Qe8 Ng2+ 55. Kd1 Ne3+ 56. Ke1 Nxf1 57. Kxf1 Qh1+ 58. Kf2 Qh2+ 59. Kf1 Qxa2 60. Re1 c3 61. Re7+ Rxe7 62. Qxe7+ Qf7 63. Qxf7+ Kxf7 64. Ke2 Ke6 65. Kd3 Kd5 66. a4 Kc6 67. Kc2 Kb6 68. Kd3 Kb7 69. Kc2 Kc6 70. Kd3 Kd5 71. a5 Kc6 72. a6 Kb6 73. b5 Ka7 1/2-1/2

[Event "FIDE Chesscom Grand Swiss 2019"]
[Site "Douglas-Isle of Man"]
[Date "2019.10.15"]
[Round "7.32"]
[White "Boruchovsky, Avital"]
[Black "Gavrilescu, David"]
[Result "1/2-1/2"]
[ECO "D02"]
[WhiteElo "2533"]
[BlackElo "2451"]
[Annotator "ChessBase"]
[PlyCount "109"]
[EventDate "2019.10.10"]
[EventType "swiss"]
[EventCountry "GBR"]
[SourceTitle "playchess.com"]
[Source "ChessBase"]
[SourceQuality "1"]
[TimeControl "40/6000+30:20/3000+30:900+30"]

1. Nf3 d5 2. g3 Nf6 3. Bg2 c5 4. O-O e6 5. d4 cxd4 6. Nxd4 e5 7. Nb3 Be6 8. Nc3 Be7 9. Bg5 Nbd7 10. f4 exf4 11. Bxf4 Qb6+ 12. Kh1 Rd8 13. a4 O-O 14. a5 Qa6 15. Qd3 Nc5 16. Qxa6 Nxa6 17. Nd4 Nb4 18. Ncb5 Bd7 19. c3 Nc6 20. a6 bxa6 21. Rxa6 Nxd4 22. Nxd4 Bc5 23. Bc7 Rde8 24. Re1 Ne4 25. b4 Bxd4 26. cxd4 Ra8 27. Rea1 Bb5 28. Rxa7 Rxa7 29. Rxa7 Bxe2 30. Ra5 Nc3 31. Bf4 Bc4 32. Rc5 Re8 33. h3 h6 34. g4 Re1+ 35. Kh2 Rd1 36. Bg3 Ne2 37. b5 Rb1 38. Rc8+ Kh7 39. Rxc4 Nxg3 40. Rc5 Ne2 41. Bxd5 Rb2 42. Be4+ g6 43. Rc2 Rxc2 44. Bxc2 Nxd4 45. Ba4 Nxb5 46. Bxb5 h5 47. Kg3 hxg4 48. hxg4 Kh6 49. Kf4 f6 50. Bd7 Kg7 51. Ke3 Kh6 52. Kf4 Kg7 53. Bb5 Kh6 54. Bd3 Kg7 55. Bc2 1/2-1/2

[Event "FIDE Chesscom Grand Swiss 2019"]
[Site "Douglas-Isle of Man"]
[Date "2019.10.15"]
[Round "7.33"]
[White "Henderson de La Fuente, Lance"]
[Black "Rakotomaharo, Fy Antenaina"]
[Result "1/2-1/2"]
[ECO "C74"]
[WhiteElo "2494"]
[BlackElo "2428"]
[Annotator "RC"]
[PlyCount "74"]
[EventDate "2019.10.10"]
[EventType "swiss"]
[EventCountry "GBR"]
[SourceTitle "playchess.com"]
[Source "ChessBase"]
[SourceQuality "1"]
[TimeControl "40/6000+30:20/3000+30:900+30"]

1. e4 e5 2. Nf3 Nc6 3. Bb5 a6 4. Ba4 d6 5. c3 f5 6. exf5 Bxf5 7. O-O Bd3 8. Re1 Be7 9. Bc2 Bxc2 10. Qxc2 Nf6 11. d4 e4 12. Nfd2 d5 13. f3 exf3 14. Nxf3 O-O 15. Bg5 Qd7 16. Nbd2 Rae8 17. Re2 h6 18. Bxf6 Bxf6 19. Rae1 Rxe2 20. Rxe2 Ne7 21. Qb3 Qb5 22. Re1 Nc8 23. a4 Qxb3 24. Nxb3 Nd6 25. Nc5 a5 26. b4 axb4 27. cxb4 Ra8 28. a5 b6 29. axb6 cxb6 30. Nd7 Ra4 31. Nxb6 Rxb4 32. Nxd5 Bxd4+ 33. Kf1 Ra4 34. Ne7+ Kh7 35. Nxd4 Rxd4 36. Nc6 Rf4+ 37. Kg1 Re4 1/2-1/2

[Event "FIDE Chesscom Grand Swiss 2019"]
[Site "Douglas-Isle of Man"]
[Date "2019.10.15"]
[Round "7.34"]
[White "Danielian, Elina"]
[Black "Prithu Gupta"]
[Result "1-0"]
[ECO "E35"]
[WhiteElo "2385"]
[BlackElo "2493"]
[Annotator "ChessBase"]
[PlyCount "37"]
[EventDate "2019.10.10"]
[EventType "swiss"]
[EventCountry "GBR"]
[SourceTitle "playchess.com"]
[Source "ChessBase"]
[SourceQuality "1"]
[TimeControl "40/6000+30:20/3000+30:900+30"]

1. d4 Nf6 2. c4 e6 3. Nc3 Bb4 4. Qc2 d5 5. cxd5 exd5 6. Bf4 Nc6 7. e3 Ne4 8. Bd3 g5 9. Bg3 Bf5 10. Nge2 Qe7 11. a3 h5 12. axb4 Nxb4 13. Qa4+ Bd7 14. Qd1 h4 15. Be5 f6 16. Bxc7 Bf5 17. Bb5+ Kf7 18. Ba5 h3 19. Qb3 {[%emt 0:07:51] Ke8} 1-0

[Event "FIDE Chesscom Grand Swiss 2019"]
[Site "Douglas-Isle of Man"]
[Date "2019.10.15"]
[Round "7.35"]
[White "Kashlinskaya, Alina"]
[Black "Kolbus, Dietmar"]
[Result "1-0"]
[ECO "D35"]
[WhiteElo "2481"]
[BlackElo "2300"]
[Annotator "ChessBase"]
[PlyCount "91"]
[EventDate "2019.10.10"]
[EventType "swiss"]
[EventCountry "GBR"]
[SourceTitle "playchess.com"]
[Source "ChessBase"]
[SourceQuality "1"]
[TimeControl "40/6000+30:20/3000+30:900+30"]

1. d4 d5 2. c4 e6 3. Nc3 Be7 4. cxd5 exd5 5. Bf4 c6 6. e3 Nf6 7. Bd3 Nbd7 8. h3 Nf8 9. Qc2 Bd6 10. Bxd6 Qxd6 11. Nf3 Ng6 12. O-O-O Be6 13. Kb1 Rd8 14. g4 Bc8 15. Ne2 Ng8 16. Rdg1 N8e7 17. Ng3 Nf8 18. Re1 Ne6 19. Rhg1 g6 20. Qc3 Rf8 21. Nd2 f5 22. gxf5 gxf5 23. Nf3 f4 24. Nh5 fxe3 25. Rxe3 Nf4 26. Ng7+ Kd7 27. Qa5 Nxd3 28. Rxd3 Ng6 29. Re3 Qf6 30. Ne6 Qf5+ 31. Ka1 Qxe6 32. Rxe6 Rxf3 33. Rd6+ Kxd6 34. Qxd8+ Bd7 35. Qb8+ Ke7 36. Qxb7 Rxf2 37. Re1+ Kd8 38. Qa8+ Kc7 39. Qxa7+ Kc8 40. a4 Rf7 41. a5 Be6 42. Qa8+ Kd7 43. Qb7+ Kd6 44. Qb8+ Kd7 45. a6 Rf8 46. a7 1-0

[Event "FIDE Chesscom Grand Swiss 2019"]
[Site "Douglas-Isle of Man"]
[Date "2019.10.15"]
[Round "7.36"]
[White "Clarke, Brandon G I"]
[Black "Movsziszian, Karen"]
[Result "1-0"]
[ECO "B07"]
[WhiteElo "2445"]
[BlackElo "2475"]
[Annotator "ChessBase"]
[PlyCount "71"]
[EventDate "2019.10.10"]
[EventType "swiss"]
[EventCountry "GBR"]
[SourceTitle "playchess.com"]
[Source "ChessBase"]
[SourceQuality "1"]
[TimeControl "40/6000+30:20/3000+30:900+30"]

1. e4 g6 2. d4 Bg7 3. Nf3 d6 4. c3 Nf6 5. Bd3 O-O 6. O-O c5 7. h3 Nc6 8. d5 Na5 9. Nbd2 b6 10. Re1 e5 11. dxe6 Bxe6 12. Ng5 Bc8 13. Nc4 Nc6 14. Bc2 h6 15. Ba4 Ne5 16. Nxe5 dxe5 17. Qxd8 Rxd8 18. Nf3 Bb7 19. Nxe5 Nxe4 20. Bf4 g5 21. Bh2 Rac8 22. Rad1 Rxd1 23. Rxd1 c4 24. Nxf7 Nxf2 25. Rd7 Bc6 26. Bxc6 Rxc6 27. Nd8 Rf6 28. Be5 Nd3 29. Bxf6 Bxf6 30. Nf7 Nxb2 31. Nxh6+ Kh8 32. Rxa7 Bxc3 33. Kf1 b5 34. Nf7+ Kg8 35. Nxg5 Bd2 36. Ne4 1-0

[Event "FIDE Chesscom Grand Swiss 2019"]
[Site "Douglas-Isle of Man"]
[Date "2019.10.15"]
[Round "7.37"]
[White "Soumya, Swaminathan"]
[Black "Cramling, Pia"]
[Result "1-0"]
[ECO "E04"]
[WhiteElo "2365"]
[BlackElo "2462"]
[Annotator "ChessBase"]
[PlyCount "87"]
[EventDate "2019.10.10"]
[EventType "swiss"]
[EventCountry "GBR"]
[SourceTitle "playchess.com"]
[Source "ChessBase"]
[SourceQuality "1"]
[TimeControl "40/6000+30:20/3000+30:900+30"]

1. d4 Nf6 2. c4 e6 3. Nf3 d5 4. g3 dxc4 5. Bg2 a6 6. O-O Nc6 7. e3 Bd7 8. Qe2 Bd6 9. Rd1 Qe7 10. Qxc4 O-O 11. Qe2 Rad8 12. Nc3 h6 13. Bd2 b5 14. Rdc1 e5 15. d5 Na5 16. Ne4 Nc4 17. Nxd6 Qxd6 18. e4 c6 19. Bc3 cxd5 20. b3 d4 21. Bxd4 exd4 22. bxc4 Bc6 23. e5 Qe7 24. cxb5 Bxb5 25. Qb2 Ng4 26. a4 Be8 27. Qb6 Rd5 28. Nxd4 Rxe5 29. h3 Nf6 30. Qxa6 Ne4 31. Qb6 Nc3 32. a5 Na4 33. Nc6 Bxc6 34. Qxc6 Nc5 35. f4 Rf5 36. g4 Qe3+ 37. Kh1 Nd3 38. gxf5 Nf2+ 39. Kh2 Qxf4+ 40. Kg1 Nd3 41. Rf1 Qd4+ 42. Kh1 Nf2+ 43. Kh2 Rd8 44. Qf3 1-0

[Event "FIDE Chesscom Grand Swiss 2019"]
[Site "Douglas-Isle of Man"]
[Date "2019.10.15"]
[Round "7.40"]
[White "Houska, Jovanka"]
[Black "Allen, Keith"]
[Result "1-0"]
[ECO "D38"]
[WhiteElo "2430"]
[BlackElo "2161"]
[Annotator "NA"]
[PlyCount "41"]
[EventDate "2019.10.10"]
[EventType "swiss"]
[EventCountry "GBR"]
[SourceTitle "playchess.com"]
[Source "ChessBase"]
[SourceQuality "1"]
[TimeControl "40/6000+30:20/3000+30:900+30"]

1. d4 Nf6 2. Nf3 e6 3. c4 d5 4. Nc3 Bb4 5. Qa4+ Nc6 6. Bd2 O-O 7. a3 Be7 8. e3 a6 9. Qc2 Re8 10. Bd3 Rb8 11. cxd5 exd5 12. Ne5 Bd7 13. h3 Bf8 14. f4 Nxe5 15. dxe5 Ne4 16. Nxe4 dxe4 17. Bxe4 Qh4+ 18. Kf1 Bb5+ 19. Kg1 Qg3 20. h4 g6 21. Bf3 1-0

[Event "FIDE Chesscom Grand Swiss 2019"]
[Site "Douglas-Isle of Man"]
[Date "2019.10.15"]
[Round "7.41"]
[White "Dahl, Baard"]
[Black "Jansa, Vlastimil"]
[Result "0-1"]
[ECO "A56"]
[WhiteElo "2067"]
[BlackElo "2452"]
[Annotator "ChessBase"]
[PlyCount "106"]
[EventDate "2019.10.10"]
[EventType "swiss"]
[EventCountry "GBR"]
[SourceTitle "playchess.com"]
[Source "ChessBase"]
[SourceQuality "1"]
[TimeControl "40/6000+30:20/3000+30:900+30"]

1. d4 Nf6 2. c4 c5 3. d5 e5 4. Nc3 d6 5. e4 Be7 6. Be2 O-O 7. Be3 Nbd7 8. h3 Ne8 9. Nf3 g6 10. g4 Ng7 11. Bh6 Nf6 12. Qd2 Kh8 13. O-O-O Ng8 14. Rdg1 Nxh6 15. Qxh6 a6 16. h4 f6 17. g5 Nh5 18. gxf6 Rxf6 19. Ng5 Qg8 20. Bxh5 Bf8 21. Qxh7+ Qxh7 22. Nxh7 Kxh7 23. Be2 Rxf2 24. h5 g5 25. Rf1 Rf4 26. Bd1 Bh6 27. Kc2 Kg7 28. Kd3 Bd7 29. Ne2 Rxf1 30. Rxf1 b5 31. b3 Rg8 32. Ng3 g4 33. Nf5+ Bxf5 34. Rxf5 g3 35. Bf3 Rb8 36. Bg2 bxc4+ 37. Kxc4 Rb4+ 38. Kc3 Bf4 39. Bf3 Rd4 40. a3 a5 41. h6+ Bxh6 42. Rh5 Bd2+ 43. Kc2 Bf4 44. Rh4 Rd2+ 45. Kc3 Rf2 46. Bh1 Kg6 47. b4 cxb4+ 48. axb4 a4 49. Rg4+ Kf7 50. Rh4 a3 51. Rh7+ Ke8 52. b5 a2 53. Ra7 Be3 {[%emt 0:01:37] Kd4} 0-1